 Dungeon Crawl Stone Soup version 0.29.1-1-gd02db6906a (webtiles) character file.

Game seed: 17435435005021183360

637 hawla the Ducker (level 8, -1/59 HPs)
             Began as a Meteoran Wanderer on Oct 9, 2022.
             Slain by a gnoll
             ... wielding a +0 spear
             ... led by a gnoll sergeant
              (4 damage)
             ... on level 5 of the Dungeon.
             The game lasted 00:15:47 (2916 turns).

hawla the Ducker (Meteoran Wanderer)                Turns: 2916, Time: 00:15:47

Health: -1/59      AC:  5    Str: 11 (12) XL:     8   Next: 7%
Magic:  0/13       EV: 14    Int: 15 (18) God:
Gold:   236        SH:  0    Dex: 12 (13) Spells: 1/13 levels left

rFire   . . .      SeeInvis .   a - +0 quarterstaff
rCold   . . .      Faith    .   (shield currently unavailable)
rNeg    . . .      Spirit   +   m - +0 robe
rPois   .          Reflect  .   j - +2 helmet
rElec   .          Harm     .   (no cloak)
rCorr   .          Rampage  .   (no gloves)
Will    +....                   (no boots)
Stlth   +.........              c - amulet of Xom's Best Wishes {Spirit Stlth+}
HPRegen 0.19/turn               e - ring of flight
MPRegen 0.13/turn               (no ring)

@: lethally poisoned (-1 -> -3), flying, glowing
A: sense surroundings 1, otherworldly, glowing, explore regen
a: no special abilities


You were on level 5 of the Dungeon.
You visited 2 branches of the dungeon, and saw 6 of its levels.

You collected 236 gold pieces.

Inventory:

Hand Weapons
 a - a +0 quarterstaff (weapon)
Missiles
 i - 8 curare-tipped darts (quivered)
 o - 10 poisoned darts
Armour
 j - a +2 helmet (worn)
 m - a +0 robe (worn)
Magical Staves
 q - a staff of conjuration
Jewellery
 c - the amulet of Xom's Best Wishes (around neck) {Spirit Stlth+}
   (You found it on level 2 of the Dungeon)

   [amulet of guardian spirit]

   It causes incoming damage to be divided between your reserves of health and
   magic.
   Stlth:     It makes you more stealthy.
 e - a ring of flight (left hand)
 n - a +4 ring of evasion
Wands
 d - a wand of charming (15)
Scrolls
 f - a scroll of poison
 l - a scroll of identify
 p - a scroll of blinking
Potions
 b - a potion of heal wounds {unknown}
 g - a potion of flight
 k - a potion of invisibility


   Skills:
 - Level 1.1 Fighting
 - Level 2.4 Staves
 - Level 2.4 Throwing
 - Level 7.0 Dodging
 - Level 3.1 Spellcasting
 - Level 2.8 Conjurations
 - Level 3.2 Transmutations
 * Level 4.7 Ice Magic
 - Level 3.1 Earth Magic


You had one spell level left.
You knew the following spells:

 Your Spells              Type           Power      Damage    Failure   Level
a - Magic Dart            Conj           44%        1d5       6%          1
b - Passwall              Tmut/Erth      10%        N/A       8%          2
c - Searing Ray           Conj           22%        2d5       9%          2
d - Ozocubu's Refrigerat  Ice            8%         4d9       100%        7

Your spell library contained the following spells:

 Spells                   Type           Power      Damage    Failure   Level
 Ozocubu's Armour         Ice            16%        N/A       9%          3
 Ensorcelled Hibernation  Hex/Ice        18%        N/A       12%         2
 Conjure Flame            Conj/Fire      6%         6-21      32%         3
 Swiftness                Air            2%         N/A       52%         3
 Fulminant Prism          Conj/Hex       3%         3d6       73%         4


Dungeon Overview and Level Annotations

Branches:
Dungeon (5/15) Zot: 397    Temple (1/1) D:5 Zot: 227

Altars:
Cheibriados
Fedhas
Gozag
Hepliaklqana
Kikubaaqudgha
Makhleb
Okawaru
Qazlal
Ru
Xom
Yredelemnul
Zin
The Shining One

Shops:
D:2 (   D:5 ([


Innate Abilities, Weirdness & Mutations

You passively map a small area around you.
You are easily found by Zot.
You glow in the dark.
You regain HP and MP as you explore.


Message History

You finish channelling your searing ray.
The gnoll sergeant barely misses you. The gnoll misses you.
Unknown command.
Casting: Searing Ray (safe; 8% risk of failure)
Confirm with . or Enter, or press ? or * to list all spells.
Aiming: Searing Ray (safe; 8% risk of failure)
Press: ? - help, Shift-Dir - straight line, f/p - gnoll sergeant
Aim: a gnoll sergeant, wielding a +0 spear and wearing a +0 ring mail (almost dead, 82% to hit)
The searing ray hits the gnoll sergeant but does no damage.
The gnoll sergeant is almost dead. (Press . to maintain the ray.)
The gnoll sergeant hits you from afar with a +0 spear.
The gnoll hits you from afar with a +0 spear.
Without enough magic to sustain it, your searing ray dissipates.
The gnoll sergeant hits you from afar with a +0 spear!
The gnoll barely misses you. The gnoll sergeant misses you.
The gnoll completely misses you. The gnoll hits you but does no damage.
You are poisoned.
You feel sick.
The gnoll sergeant hits you from afar with a +0 spear!
The gnoll hits you from afar with a +0 spear!
* * * LOW HITPOINT WARNING * * *
You feel sick.
The gnoll hits you from afar with a +0 spear.
* * * LOW HITPOINT WARNING * * *
You feel sick.
There is a stone staircase leading down here.
It was a potion of degeneration.
There was something very wrong with that liquid.
You feel weakened.
You feel dopey.
You feel clumsy.
You feel sick. The gnoll sergeant misses you.
The gnoll hits you from afar with a +0 spear.
* * * LOW HITPOINT WARNING * * *
The gnoll misses you.
You feel sick.
The gnoll sergeant hits you from afar with a +0 spear.
* * * LOW HITPOINT WARNING * * *
The gnoll hits you from afar with a +0 spear.
You die...

, * ,,, * ,,,* # ,*
####.# *
.$...##.###########
........(...#.$...##
...###.............##
).###...........@...#
)## #...............#
.# ##...........ggg$#
####................#
...............).†..#
........g........!..#
..####.............##
..##........#.....##
..)..######.#######


You could see a gnoll sergeant and 2 gnolls.

Vanquished Creatures
  A necrophage (D:5)
  2 scorpions
  A jelly (D:5)
  A hound (D:5)
  3 orc priests (D:5)
  Terence (D:3)
  An orc wizard (D:5)
  Ijyb (D:3)
  Natasha (thrice) (D:3)
  3 adders
  3 gnolls (D:5)
  A white imp (D:3)
  An ufetubus (D:5)
  3 worms
  A dart slug (D:2)
  5 orcs (D:5)
  11 bats
  4 endoplasms
  4 giant cockroaches
  6 goblins
  2 hobgoblins
  8 jackals
  5 quokkas
  5 ball pythons
  3 frilled lizards
  6 kobolds
85 creatures vanquished.

Vanquished Creatures (others)
  4 plants (D:1)
4 creatures vanquished.

Grand Total: 89 creatures vanquished

Notes
Turn   | Place    | Note
-------+----------+-------------------------------------------
     0 | D:1      | hawla the Meteoran Wanderer began the quest for the Orb.
     0 | D:1      | hawla set off with the following items: a +0 dagger, 7
                  | boomerangs, a +2 leather armour, a scroll of blinking; and
                  | the following spell memorised: Magic Dart; and the
                  | following spells available to memorise: Conjure Flame.
     0 | D:1      | Reached XP level 1. HP: 14/14 MP: 3/3
   193 | D:1      | Reached XP level 2. HP: 7/20 MP: 0/5
   441 | D:1      | Reached skill level 1 in Staves
   441 | D:1      | Reached XP level 3. HP: 26/26 MP: 3/6
   478 | D:1      | Glimpsed the power of Zot.
   661 | D:2      | Learned a level 2 spell: Passwall
   661 | D:2      | Found a shimmering altar of Xom.
   690 | D:2      | You fall into a shaft and drop 2 floors!
   851 | D:2      | Reached skill level 1 in Transmutations
   851 | D:2      | Reached skill level 1 in Earth Magic
   952 | D:2      | Found Abruwut's Weapon Emporium.
   971 | D:2      | Identified the +0 chain mail of the Black Moon {rF+ Regen+
                  | Str-3 Dex+8}
  1028 | D:2      | Identified the amulet of Xom's Best Wishes {Spirit Stlth+}
  1063 | D:2      | Reached XP level 4. HP: 32/33 MP: 7/7
  1476 | D:3      | Noticed Terence
  1542 | D:3      | Noticed Natasha
  1561 | D:3      | Killed Natasha
  1614 | D:3      | Noticed Natasha
  1619 | D:3      | Killed Natasha
  1620 | D:3      | Reached XP level 5. HP: 30/38 MP: 4/8
  1623 | D:3      | Learned a level 2 spell: Searing Ray
  1651 | D:3      | Noticed Natasha
  1657 | D:3      | Killed Natasha
  1680 | D:3      | Noticed Ijyb
  1688 | D:3      | Killed Ijyb
  1699 | D:3      | HP: 1/38 [white imp/puff of frost (5)]
  1704 | D:3      | Reached XP level 6. HP: 13/45 MP: 1/10
  2108 | D:3      | Killed Terence
  2219 | D:4      | Reached skill level 1 in Fighting
  2219 | D:4      | Reached skill level 7 in Dodging
  2219 | D:4      | Reached XP level 7. HP: 39/52 MP: 0/12
  2227 | D:4      | Learned a level 7 spell: Ozocubu's Refrigeration
  2245 | D:4      | Glimpsed the power of Zot.
  2249 | D:5      | Entered Level 5 of the Dungeon
  2276 | D:5      | Reached skill level 1 in Ice Magic
  2322 | D:4      | Found a glowing golden altar of the Shining One.
  2383 | D:5      | Found Qostraox's Weapon Shop.
  2463 | D:5      | Found Pikhasa's Antique Armour Emporium.
  2472 | D:5      | Found a staircase to the Ecumenical Temple.
  2483 | Temple   | Entered the Ecumenical Temple
  2866 | D:5      | Reached XP level 8. HP: 40/59 MP: 3/13
  2916 | D:5      | Slain by a gnoll

Illustrated notes

Levels and vault maps discovered:
D:1:      ebering_hopf_link, layout_basic, serial_bayou, serial_bayou_crossing,
          serial_bayou_shore_b, serial_bayou_shore_a, serial_bayou_lagoon_a,
          serial_shops, nicolae_shop_stone
D:2:      minmay_inner_zag, layout_basic, serial_shops, shop, basic_altar,
          minmay_splitting_lines
D:3:      layout_basic, minmay_misc_feat_columns, grunt_ministairs_11,
          chequers_serial_rivers_micro_e, uniq_ijyb, uniq_natasha, uniq_terence
D:4:      layout_basic, old_standard_altar
D:5:      layout_rooms, minmay_temple_entry_mist, serial_shops,
          nicolae_shop_window_shopping, nicolae_take_the_stairs,
          nrook_mini_vaults, uniq_sigmund
Temple:   minmay_temple_forest_path

Skill      XL: |  1  2  3  4  5  6  7 |
---------------+----------------------+-----
Staves         | 1 2 |  2.4
Transmutations | 1 2 3 |  3.2
Earth Magic    | 1 2 3 |  3.1
Spellcasting   | 2 3 |  3.1
Fighting       | 1 |  1.1
Dodging        | 7 |  7.0
Ice Magic      | 4 |  4.7
Throwing       | |  2.4
Conjurations   | |  2.8

Action                   |  1- 3 |  4- 6 |  7- 9 || total
-------------------------+-------+-------+-------++-------
Melee: Unarmed           |    22 |       |       ||    22
       Quarterstaff      |    59 |    62 |    26 ||   147
 Cast: Magic Dart        |    30 |    29 |     5 ||    64
       Passwall          |     1 |       |       ||     1
       Searing Ray       |       |    22 |    12 ||    34
  Use: Scroll            |     4 |    10 |     1 ||    15
       Potion            |       |     2 |     1 ||     3
Armor: Leather armour    |    44 |       |       ||    44
       Robe              |     1 |    36 |    11 ||    48
Dodge: Dodged            |    83 |    78 |    48 ||   209
